 Dungeon Crawl Stone Soup version 0.21-a0-480-g5da0f0d (webtiles) character file.

7705 slep the Basher (level 11, -9/58 HPs)
             Began as a Vine Stalker Wanderer on Nov 22, 2017.
             Was an Elder of Okawaru.
             Mangled by an orc warrior
             ... wielding a +0 trident
              (10 damage)
             ... on level 2 of the Orcish Mines.
             The game lasted 00:57:21 (8116 turns).

slep the Basher (Vine Stalker Wanderer)             Turns: 8116, Time: 00:57:22

Health: -9/58      AC: 12    Str: 17    XL:     11   Next: 19%
Magic:  0/19       EV: 15    Int: 12    God:    Okawaru [****..]
Gold:   549        SH:  0    Dex: 15    Spells: 18/20 levels left

rFire    + . .     SeeInvis .   m - -1 dire flail (curse)
rCold    . . .     Gourm    .   (shield currently unavailable)
rNeg     + . .     Faith    .   n - +0 troll leather armour
rPois    .         Spirit   +   G - +0 helmet
rElec    .         Reflect  .   c - +0 cloak
rCorr    .         Harm     +   z - +1 pair of gloves
MR       +....                  K - +0 pair of boots
Stlth    +++.......             J - amulet of harm
HPRegen  0.99/turn              (no ring)
MPRegen  0.16/turn              F - ring of positive energy

@: lethally poisoned (-9 -> -25)
A: fangs 3, iridescent scales 1, blink, fire resistance 1, regeneration 1, magic
shield, antimagic bite, no potion heal 3, rot immunity
a: Blink, Heroism, Renounce Religion


You were on level 2 of the Orcish Mines.
You worshipped Okawaru.
Okawaru was greatly pleased with you.
You were not hungry.

You visited 3 branches of the dungeon, and saw 12 of its levels.

You collected 675 gold pieces.
You spent 126 gold pieces at shops.

Inventory:

Hand Weapons
 b - a +2 blowgun
 i - a +0 scimitar of flaming
 m - a cursed -1 dire flail (weapon)
 r - a +2 flail of protection
 t - a cursed -2 mace
Missiles
 o - 76 poisoned needles
 M - 14 tomahawks (quivered)
 R - 4 throwing nets
Armour
 c - a +0 cloak (worn)
 n - a +0 troll leather armour (worn)
 z - a +1 pair of gloves (worn)
 G - a +0 helmet (worn)
 K - a +0 pair of boots (worn)
Magical Staves
 O - an uncursed staff of poison {unknown}
Jewellery
 F - a ring of positive energy (right hand)
 I - an uncursed ring of ice
 J - an amulet of harm (around neck)
Wands
 e - a wand of iceblast (12)
 C - a wand of acid (6)
 P - a wand of disintegration (31)
 T - a wand of scattershot (6)
Scrolls
 a - a scroll of fear {unknown}
 d - 3 scrolls of teleportation
 g - 7 scrolls of remove curse
 k - 2 scrolls of amnesia
 p - 2 scrolls of blinking
 s - 6 scrolls of enchant weapon
 u - 2 scrolls of random uselessness
 v - 4 scrolls of magic mapping
 w - 2 scrolls of identify
 y - 2 scrolls of immolation
Potions
 h - 4 potions of heal wounds
 j - 3 potions of brilliance
 l - 2 potions of degeneration {unknown}
 q - 4 potions of agility {unknown}
 A - a potion of might {unknown}
 B - 2 potions of resistance {unknown}
 D - a potion of ambrosia {unknown}
 L - 2 potions of flight {unknown}
 Q - 5 potions of curing
 W - 2 potions of magic {unknown}
 X - 3 potions of haste {unknown}
 Y - 2 potions of berserk rage {unknown}
Books
 U - a book of Minor Magic

   Spells                             Type                      Level
   a - Magic Dart                     Conjuration                  1
   b - Blink                          Translocation                2
   c - Call Imp                       Summoning                    2
   d - Slow                           Hexes                        2
   e - Conjure Flame                  Conjuration/Fire             3
   f - Mephitic Cloud                 Conjuration/Poison/Air       3
Comestibles
 f - 5 bread rations
 x - 4 chunks of flesh
 E - 5 meat rations
 H - 2 royal jellies
 S - a fruit


   Skills:
 + Level 6.8 Fighting
 + Level 9.7 Maces & Flails
 + Level 3.0 Throwing
 + Level 4.1 Armour
 + Level 5.9 Dodging
 + Level 5.2 Stealth
   Level 1.0 Shields
 + Level 2.1 Unarmed Combat
 + Level 5.1 Spellcasting
   Level 1.0 Charms
 + Level 0.5 Translocations
 + Level 1.5 Evocations


You had 18 spell levels left.
You knew the following spells:

 Your Spells              Type           Power        Failure   Level  Hunger
a - Blink                 Tloc           N/A          28%         2    ##.....


Dungeon Overview and Level Annotations

Branches:
Dungeon (9/15)             Temple (1/1) D:4            Lair (0/6) D:9
    Orc (2/2) D:9
    Elf: Orc:2

Altars:
Ashenzari
Cheibriados
Dithmenos
Elyvilon
Fedhas
Gozag
Hepliaklqana
Kikubaaqudgha
Makhleb
Nemelex Xobeh
Okawaru
Qazlal
Ru
Sif Muna
Trog
Uskayaw
Vehumet
Wu Jian
Xom
Yredelemnul
Zin
The Shining One
Beogh

Shops:
D:5 }!![   D:6 ([!*   D:7 [   Orc:1 [


Innate Abilities, Weirdness & Mutations

You have razor-sharp teeth.
Your natural rate of healing is unusually fast.
When hurt, damage is shared between your health and your magic reserves.
Your bite disrupts and absorbs the magic of your enemies.
Potions cannot restore your health.
You are immune to rotting.
You are partially covered in iridescent scales. (AC +2)
You can translocate small distances at will.
Your flesh is heat resistant. (rF+)


Message History

You hear a shout!
You hit the orc warrior. Your bite misses the orc warrior.
The orc warrior is almost dead.
You feel sick.
The orc warrior hits you from afar with a trident!
* * * LOW HITPOINT WARNING * * *
The orc warrior hits you with a war axe of venom!
* * * LOW HITPOINT WARNING * * *
You are more poisoned.
* * * LOW HITPOINT WARNING * * *
You feel very sick. The orc warrior closely misses you.
The orc warrior throws a tomahawk.
The tomahawk closely misses you.
You hear some strange, mumbled words.
You hear a shout!
There is a stone staircase leading up here.
You see here a tomahawk.
* * * LOW HITPOINT WARNING * * *
You feel very sick.
The orc warrior hits you with a trident!
You die...

....####
#...#.##
#.#...##
#$....#
###....##
#.......##
#$..).o..#
....$..###...#
....... #@..#
.......
##o.....#
...(...
....###
....... ....#
....o.. ..###
...o.o. ..#
.## ##


You could see 2 orc warriors.

Vanquished Creatures
  Erica (D:8)
  Pikel (D:6)
  2 orc sorcerers (Orc:1)
  A troll (D:9)
  Grinder (D:6)
  2 hippogriffs (D:9)
  A basilisk (D:9)
  Eustachio (D:6)
  A warg (D:9)
  4 porcupines (D:9)
  3 orc warriors
  3 ice beasts
  A black bear (D:9)
  A sky beast (D:6)
  A phantom (D:4)
  2 slaves (D:6)
  4 ogres
  A centaur (D:9)
  3 crocodiles (D:9)
  3 wolves (D:9)
  2 gnoll sergeants
  Blork the orc (D:6)
  5 bullfrogs
  2 scorpions
  6 killer bees (D:8)
  4 howler monkeys
  2 crimson imps
  A bullfrog zombie (D:9)
  3 quasits
  A centaur zombie (D:7)
  2 hounds
  4 orc priests
  2 centaur skeletons (D:6)
  A gnoll shaman (D:8)
  8 orc wizards
  4 bullfrog skeletons
  Crazy Yiuf (D:7)
  2 iguanas
  8 worker ants
  A hound zombie (D:5)
  2 worker ant zombies (D:9)
  23 gnolls
  12 adders
  2 shadow imps
  2 oozes
  2 adder skeletons
  3 worms
  4 dart slugs
  9 leopard geckos
  21 orcs
  8 bats
  7 giant cockroaches
  16 goblins
  7 hobgoblins
  6 jackals
  A quokka (D:4)
  2 ball pythons
  6 frilled lizards
  4 kobolds
  A leopard gecko skeleton (D:5)
  A quokka skeleton (D:4)
  2 quokka zombies
  7 rats
245 creatures vanquished.

Vanquished Creatures (others)
  An orc (D:6)
1 creature vanquished.

Grand Total: 246 creatures vanquished

Notes
Turn   | Place    | Note
-------+----------+-------------------------------------------
     0 | D:1      | slep the Vine Stalker Wanderer began the quest for the Orb.
     0 | D:1      | slep set off with: 2 curare-tipped needles, a +2 blowgun, the Compendium of Illusion, a scroll of teleportation, a +0 robe, a bread ration
     0 | D:1      | Reached XP level 1. HP: 10/10 MP: 6/6
     5 | D:1      | Identified the Compendium of Illusion
    80 | D:1      | Reached XP level 2. HP: 1/14 MP: 1/8
   200 | D:1      | Reached XP level 3. HP: 17/18 MP: 10/10
   204 | D:1      | Reached skill level 5 in Spellcasting
   564 | D:1      | You fall through a shaft!
   587 | D:2      | Reached skill level 1 in Maces & Flails
   596 | D:2      | Gained mutation: Your natural rate of healing is unusually fast. [Vine Stalker growth]
   596 | D:2      | Reached XP level 4. HP: 2/22 MP: 3/12
   624 | D:2      | You fall through a shaft!
   625 | D:3      | Found a bloodstained altar of Trog.
   682 | D:3      | Reached skill level 2 in Maces & Flails
   711 | D:3      | Found a faded altar of an unknown god.
   884 | D:3      | Reached skill level 1 in Dodging
   884 | D:3      | Reached XP level 5. HP: 25/25 MP: 13/13
   945 | D:3      | Reached skill level 1 in Armour
  1083 | D:3      | Found a sacrificial altar of Ru.
  1262 | D:2      | Reached skill level 3 in Maces & Flails
  1279 | D:2      | Found a basalt altar of Yredelemnul.
  1391 | D:2      | Reached skill level 1 in Stealth
  1444 | D:2      | Reached XP level 6. HP: 25/30 MP: 12/14
  2245 | D:4      | Found a staircase to the Ecumenical Temple.
  2256 | Temple   | Entered the Ecumenical Temple
  2485 | D:4      | Reached XP level 7. HP: 31/35 MP: 15/15
  2632 | D:4      | Reached skill level 4 in Maces & Flails
  2749 | D:4      | Found a blossoming altar of Fedhas.
  2751 | D:4      | Found a stormy altar of Qazlal.
  2920 | D:5      | Entered Level 5 of the Dungeon
  3095 | D:5      | Found Kowolene's Distillery.
  3095 | D:5      | Found Jiemn's Antique Armour Emporium.
  3095 | D:5      | Found Ykedd's Distillery.
  3111 | D:5      | Found Areoz's Gadget Emporium.
  3180 | D:5      | Bought a potion of curing for 30 gold pieces
  3260 | D:5      | Gained mutation: You have razor-sharp teeth. [Vine Stalker growth]
  3260 | D:5      | Reached XP level 8. HP: 39/39 MP: 16/16
  3371 | D:5      | Reached skill level 5 in Maces & Flails
  3446 | D:5      | HP: 2/40 [gnoll (6)]
  3572 | D:5      | Learned a level 2 spell: Blink
  4102 | D:6      | Found Zieck's Armour Shoppe.
  4139 | D:6      | Found Ylopetot's General Store.
  4139 | D:6      | Noticed Blork the orc
  4374 | D:7      | Found a runed door.
  4426 | D:7      | Found Qeruaraw's Antique Armour Shop.
  4569 | D:7      | Reached skill level 6 in Maces & Flails
  4969 | D:7      | Noticed Crazy Yiuf
  4978 | D:7      | Killed Crazy Yiuf
  5035 | D:8      | Reached XP level 9. HP: 45/45 MP: 17/17
  5397 | D:8      | Noticed Erica
  5423 | D:8      | Killed Erica
  5475 | D:8      | Found a glowing silver altar of Zin.
  5477 | D:8      | Found an iron altar of Okawaru.
  5485 | D:8      | Became a worshipper of Warmaster Okawaru
  5707 | D:6      | Killed Blork the orc
  5739 | D:6      | Reached skill level 7 in Maces & Flails
  5777 | D:6      | Reached skill level 5 in Fighting
  5985 | D:6      | Noticed Eustachio
  5997 | D:6      | Killed Eustachio
  6094 | D:6      | Found Fatrax's Distillery.
  6100 | D:6      | Bought a potion of mutation for 96 gold pieces
  6100 | D:6      | Gained mutation: Your flesh is heat resistant. (rF+) [potion of mutation]
  6100 | D:6      | Gained mutation: You are partially covered in iridescent scales. (AC +2) [potion of mutation]
  6100 | D:6      | Gained mutation: You can translocate small distances at will. [potion of mutation]
  6214 | D:6      | Reached XP level 10. HP: 51/51 MP: 18/18
  6226 | D:6      | Found Vavaxt's Antique Weapon Shop.
  6355 | D:6      | Noticed Pikel
  6415 | D:6      | Killed Pikel
  6415 | D:6      | Reached * piety under Okawaru
  6427 | D:6      | Reached skill level 5 in Stealth
  6459 | D:6      | Noticed Grinder
  6466 | D:6      | Killed Grinder
  6681 | D:8      | Reached skill level 8 in Maces & Flails
  6728 | D:8      | Found an ornate altar of the Wu Jian Council.
  6729 | D:8      | Found a deep blue altar of Sif Muna.
  6940 | D:9      | Found a staircase to the Orcish Mines.
  7010 | D:9      | Reached skill level 5 in Dodging
  7211 | D:9      | Reached ** piety under Okawaru
  7229 | D:9      | Found a staircase to the Lair.
  7290 | D:9      | Reached skill level 1 in Evocations
  7295 | D:9      | Reached *** piety under Okawaru
  7403 | D:9      | Reached skill level 9 in Maces & Flails
  7644 | D:9      | Reached XP level 11. HP: 58/58 MP: 19/19
  7889 | Orc:1    | Entered Level 1 of the Orcish Mines
  7889 | Orc:1    | Found Fiwk's Armour Emporium.
  7889 | Orc:1    | Noticed an orc sorcerer
  7891 | Orc:1    | Found a roughly hewn altar of Beogh.
  7894 | Orc:1    | Noticed an orc sorcerer
  7897 | Orc:1    | Killed an orc sorcerer
  7905 | Orc:1    | Killed an orc sorcerer
  7913 | Orc:1    | Reached **** piety under Okawaru
  8077 | Orc:2    | Entered Level 2 of the Orcish Mines
  8116 | Orc:2    | HP: 1/58 [poisoned by an orc warrior]
  8116 | Orc:2    | Mangled by an orc warrior

Vault maps used:
D:1:      minmay_arrival_four_houses
D:2:      marbit_many_paths
D:3:      nicolae_ru_great_annihilating_truth, nicolae_overflow_crystal_walls,
          chequers_ecumenical_altar_island
D:4:      grunt_temple_overflow_forces_of_nature, minmay_temple_entry_mist
D:5:      first_bread, minmay_shop_grid_forest, lightli_minifort
D:6:      serial_shops, nicolae_shop_trees, shop, nicolae_shop_behind_doors,
          nicolae_shop_competitors_out_of_business, uniq_eustachio, uniq_pikel,
          uniq_grinder, uniq_blork_the_orc
D:7:      serial_shops, nicolae_shop_trees, uniq_crazy_yiuf_cottage
D:8:      minitemple, gammafunk_temple_overflow_pools, uniq_erica
D:9:      minmay_lair_entry_grove, erik_orc_3
Temple:   dshaligram_water_room_temple
Orc:1:    basic_altar, serial_shops, shop
Orc:2:    grunt_orc_tribal_feast, mines1_david

Skill      XL: |  1  2  3  4  5  6  7  8  9 10 |
---------------+-------------------------------+-----
Spellcasting   | 5 |  5.1
Maces & Flails | 1 2 3 4 6 7 9 |  9.7
Dodging        | 1 2 3 4 5 |  5.9
Armour         | 1 2 3 4 |  4.1
Stealth        | 1 2 3 4 5 |  5.2
Fighting       | 2 3 5 6 |  6.8
Throwing       | 3 |  3.0
Evocations     | 1 |  1.5
Shields        | |  1.0
Unarmed Combat | |  2.1
Charms         | |  1.0
Translocations | |  0.5

Action                   |  1- 3 |  4- 6 |  7- 9 | 10-12 || total
-------------------------+-------+-------+-------+-------++-------
Melee: Mace              |    82 |   211 |   385 |       ||   678
       Bite              |    11 |    54 |   116 |   108 ||   289
       Punch             |     1 |     4 |     6 |       ||    11
       Dire flail        |       |       |    40 |   336 ||   376
 Fire: Blowgun           |     7 |    11 |    16 |       ||    34
Throw: Tomahawk          |       |       |       |     1 ||     1
 Cast: Blink             |       |       |       |     1 ||     1
Evoke: Wand              |       |       |       |     1 ||     1
  Use: Scroll            |       |       |     1 |    10 ||    11
       Potion            |       |       |     3 |       ||     3
 Stab: Sleeping          |       |     3 |    10 |     1 ||    14
       Paralysed         |       |     2 |       |       ||     2
       Invisible         |       |     1 |       |       ||     1
  Eat: Chunk             |       |     6 |    12 |     7 ||    25
Armor: Leather armour    |     5 |       |    36 |       ||    41
       Troll leather arm |    33 |    77 |   106 |   102 ||   318
Dodge: Dodged            |    60 |   142 |   345 |   200 ||   747

Table legend:
 A = Spawn XP
 B = Non-spawn XP
 C = Spawn XP percentage of total XP
 D = Spawn monster count
 E = Non-spawn monster count
 F = Spawn count percentage of total count
 G = Total turns spent on level
                    A         B        C        D         E        F      G
               +---------+---------+-------+---------+---------+-------+---------
         Total |       0 |   11008 |   0.0 |       0 |     243 |   0.0 |  8116
               +---------+---------+-------+---------+---------+-------+---------
           D:1 |       0 |      63 |   0.0 |       0 |      33 |   0.0 |   625
           D:2 |       0 |     210 |   0.0 |       0 |      21 |   0.0 |   672
           D:3 |       0 |     190 |   0.0 |       0 |      29 |   0.0 |   940
           D:4 |       0 |     545 |   0.0 |       0 |      19 |   0.0 |   852
           D:5 |       0 |     684 |   0.0 |       0 |      26 |   0.0 |   967
           D:6 |       0 |    1986 |   0.0 |       0 |      25 |   0.0 |   977
           D:7 |       0 |     445 |   0.0 |       0 |       8 |   0.0 |   846
           D:8 |       0 |    1840 |   0.0 |       0 |      24 |   0.0 |   738
           D:9 |       0 |    3516 |   0.0 |       0 |      47 |   0.0 |  1109
        Temple |       0 |       3 |   0.0 |       0 |       1 |   0.0 |   163
         Orc:1 |       0 |    1523 |   0.0 |       0 |       9 |   0.0 |   188
         Orc:2 |       0 |       3 |   0.0 |       0 |       1 |   0.0 |    39
               +---------+---------+-------+---------+---------+-------+---------
